 Dungeon Crawl Stone Soup version 0.19.0-17-g07987d3 (webtiles) character file.

211 Larett the Chopper (level 5, -11/45 HPs)
             Began as a Minotaur Berserker on Nov 10, 2016.
             Was a Believer of Trog.
             Mangled by an orc warrior
             ... wielding a +0 flail
              (17 damage)
             ... on level 7 of the Dungeon.
             The game lasted 00:03:01 (685 turns).

Larett the Chopper (Minotaur Berserker)              Turns: 685, Time: 00:03:02

Health: -11/45     AC:  2    Str: 22    XL:     5   Next: 57%
Magic:  4/4        EV: 12    Int:  4    God:    Trog [**....]
Gold:   104        SH:  0    Dex: 10    Spells: 0 memorised, 4 levels left

rFire  . . .     SeeInvis .     a - +0 hand axe
rCold  . . .     Gourm    .     b - +0 animal skin
rNeg   . . .     Faith    .     (no shield)
rPois  .         Spirit   .     (helmet restricted)
rElec  .         Reflect  .     (no cloak)
rCorr  .         Harm     .     (no gloves)
MR     .....                    (no boots)
Stlth  +.........               (no amulet)
                                (no ring)
                                (no ring)

@: exhausted, slowed, very slow
A: retaliatory headbutt, horns 2
a: Berserk, Trog's Hand, Burn Spellbooks, Renounce Religion


You were on level 7 of the Dungeon.
You worshipped Trog.
Trog was pleased with you.
You were very hungry.

You visited 1 branch of the dungeon, and saw 7 of its levels.

You collected 104 gold pieces.

Inventory:

Hand Weapons
 a - a +0 hand axe (weapon)
 j - a +2 whip of draining
Missiles
 h - 11 arrows
 i - 28 stones (quivered)
 q - 7 poisoned needles
 s - 4 steel tomahawks
Armour
 b - a +0 animal skin (worn)
Jewellery
 d - a +2 ring of dexterity {unknown}
Wands
 t - a wand of digging (17/24)
Scrolls
 e - a scroll of identify {unknown}
 k - a scroll of recharging {unknown}
 o - a scroll of magic mapping {unknown}
 u - a scroll of remove curse {unknown}
Potions
 f - a potion of brilliance {unknown}
 g - 3 potions of heal wounds {unknown}
 m - 2 potions of curing {unknown}
 n - a potion of magic {unknown}
 p - a potion of lignification {unknown}
Comestibles
 c - 2 bread rations
 l - 10 chunks of flesh {@w1}
 r - a slice of pizza


   Skills:
 - Level 3.6 Fighting
 + Level 7.6 Axes
 - Level 2.4 Armour
 - Level 2.1 Dodging


You had 4 spell levels left.
You didn't know any spells.

Dungeon Overview and Level Annotations

Branches:
Dungeon (7/15)
 Temple: D:4-7

Altars:
Cheibriados
Xom

Annotations:
D:4 Edmund


Innate Abilities, Weirdness & Mutations

You reflexively headbutt those who attack you in melee.
You have a pair of horns on your head.


Message History

You hit the orc but do no damage. You barely miss the orc wizard.
The orc warrior hits you with a flail. The orc wizard hits you with a dagger.
* * * LOW HITPOINT WARNING * * *
The orc hits you.
* * * LOW HITPOINT WARNING * * *
You hit the orc warrior but do no damage.
The orc warrior is severely wounded.
You barely miss the orc.
You hit the orc wizard but do no damage.
Your skin stops crawling.
You feel less resistant to hostile enchantments.
The orc warrior hits you with a flail!
* * * LOW HITPOINT WARNING * * *
The orc wizard hits you but does no damage.
The orc misses you. The orc wizard hits you with a dagger.
* * * LOW HITPOINT WARNING * * *
The orc hits you.
* * * LOW HITPOINT WARNING * * *
The orc warrior hits you with a flail!
You die...

##..............
#.##<..............
..................
.#............#
#...........##
##....#####.##
####.# ##.### ##.
##)o## #. ##)H#
##oo.....#
#.....!.. ........(
.......(.
..........
..........
...........


You could see an orc warrior, an orc wizard and an orc.

Vanquished Creatures
  A bullfrog zombie (D:5)
  An orc priest (D:4)
  2 orc wizards
  2 worker ants (D:4)
  An ooze (D:2)
  3 leopard geckos
  7 orcs
  2 giant cockroaches
  3 hobgoblins
  A kobold (D:2)
  A quokka (D:7)
  2 bats
  4 frilled lizards
  3 goblins
  A rat (D:2)
34 creatures vanquished.

Notes
Turn   | Place    | Note
-------+----------+-------------------------------------------
     0 | D:1      | Larett the Minotaur Berserker began the quest for the Orb.
     0 | D:1      | Reached XP level 1. HP: 19/19 MP: 0/0
    68 | D:2      | Found a snail-covered altar of Cheibriados.
    70 | D:2      | Reached skill level 4 in Axes
   202 | D:2      | Reached XP level 2. HP: 23/26 MP: 1/1
   319 | D:4      | Found a shimmering altar of Xom.
   329 | D:4      | Reached skill level 5 in Axes
   329 | D:4      | Reached XP level 3. HP: 23/31 MP: 2/2
   417 | D:4      | Reached XP level 4. HP: 39/39 MP: 3/3
   475 | D:4      | Reached skill level 6 in Axes
   485 | D:4      | Reached ** piety under Trog
   575 | D:4      | Reached XP level 5. HP: 44/45 MP: 4/4
   576 | D:4      | Noticed Edmund
   579 | D:5      | Entered Level 5 of the Dungeon
   617 | D:5      | Reached skill level 7 in Axes
   669 | D:7      | Noticed an orc warrior
   685 | D:7      | HP: 6/45 [orc (5)]
   685 | D:7      | Mangled by an orc warrior

Skill      XL: |  1  2  3  4  5 |
---------------+----------------+-----
Axes           | 4 5 6 7 |  7.6
Fighting       | |  3.6
Armour         | |  2.4
Dodging        | |  2.1

Action                   |  1- 3 |  4- 6 || total
-------------------------+-------+-------++-------
Melee: Hand axe          |     7 |    10 ||    17
       Whip              |    19 |    32 ||    51
       Headbutt          |     4 |     8 ||    12
Invok: Berserk           |       |     2 ||     2
       Trog's Hand       |       |     1 ||     1
Armor: Animal skin       |     3 |     3 ||     6
Dodge: Dodged            |    18 |    23 ||    41
